Map: Prion Terraces

Players

MammouthQc

  • Race: Terran Terran
  • League: Master

MorN - Winner!

  • Race: Terran Terran
  • League: Master

VOD

Have the link to the VOD?

Description

Time

  • Played on: Dec. 26, 2015, 12:23 a.m.
  • Length: 7:05
Show
View Real Time Build Order
Export as new Build Order

MammouthQc Terran 

Build Orders: Banshee Rush 

Get SALT Encoding   

  12  0:01  SCV  
  13  0:13  SCV  
  14  0:17  Supply Depot  
  14  0:25  SCV  
  15  0:31  Refinery  
  15  0:39  SCV  
  16  0:45  Barracks  
  16  0:52  SCV  
  18  1:04  SCV  
  18  1:08  Refinery  
  18  1:16  SCV  
  19  1:33  Reaper, Orbital Command  
  19  1:35  Supply Depot  
  20  1:45  Factory  
  20  1:58  SCV  
  21  2:05  Reaper  
  22  2:10  SCV  
  23  2:23  SCV  
  24  2:31  Starport  
  24  2:32  Hellion  
  24  2:35  SCV  
  27  2:47  SCV  
  27  2:48  Barracks Reactor  
  28  2:53  Hellion  
  28  2:56  Supply Depot  
  30  3:02  SCV  
  31  3:06  Command Center  
  31  3:09  Starport Tech Lab  
  31  3:26  SCV  
  31  3:34  Banshee  
  31  3:39  SCV  
  31  3:40  Marine x2  
  37  3:41  Cloaking Field  
  37  4:05  SCV  
  38  4:13  Barracks  
  38  4:14  Barracks  
  38  4:15  Command Center  
  38  4:18  SCV  
  38  4:20  Banshee  
  42  4:27  Orbital Command  
  42  4:35  SCV  
  43  4:40  Marine x2  
  43  4:44  Widow Mine  
  43  4:45  Supply Depot  
  47  4:53  Bunker  
  47  4:54  SCV x2  
  49  5:03  Viking  
  49  5:05  Barracks Tech Lab x2  
  49  5:06  Marine  
  52  5:12  SCV x2  
  54  5:20  Marine  
  55  5:24  SCV, Marine  
  55  5:25  SCV  
  58  5:40  SCV x2  
  58  5:41  Marine x3  
  63  5:49  Factory Reactor, Medivac  
  65  5:59  Marauder  
  67  6:20  SCV x2, Marine  
  67  6:21  Marine x2  
  67  6:22  Marauder  
  67  6:24  Orbital Command  
  67  6:25  Engineering Bay  
  74  6:30  Engineering Bay  
  74  6:32  Supply Depot x3  
  74  6:38  Marine  
  74  6:39  Marine  
  76  6:43  Marine  
Show
View Real Time Build Order
Export as new Build Order

MorN Terran - Winner!

Build Orders: Reaper Expand 

Get SALT Encoding   

  12  0:00  SCV  
  13  0:13  SCV  
  14  0:18  Supply Depot  
  14  0:25  SCV  
  15  0:39  SCV  
  15  0:40  Barracks  
  16  0:51  SCV  
  16  0:55  Refinery  
  17  1:04  SCV  
  18  1:23  SCV  
  19  1:33  Command Center  
  19  1:36  Orbital Command  
  19  1:41  Reaper  
  20  1:47  Supply Depot  
  20  1:49  Refinery  
  20  2:02  SCV  
  21  2:13  Reaper  
  22  2:19  SCV  
  23  2:28  Factory  
  23  2:31  SCV  
  24  2:43  SCV  
  25  2:49  Barracks Reactor  
  25  2:54  Orbital Command  
  25  2:55  SCV  
  26  3:03  Barracks  
  26  3:05  Barracks  
  26  3:07  SCV  
  27  3:19  SCV  
  26  3:33  Hellion x2  
  29  3:36  Barracks Tech Lab  
  29  3:45  SCV, Engineering Bay  
  29  3:46  Engineering Bay  
  30  3:54  Hellion  
  30  3:55  Hellion  
  34  4:00  Marauder  
  34  4:01  Barracks Reactor x2, Stimpack  
  35  4:02  SCV  
  35  4:11  Terran Infantry Weapons Level 1  
  35  4:12  Terran Infantry Armor Level 1  
  33  4:23  SCV x2  
  35  4:32  Starport  
  35  4:36  SCV  
  36  4:39  Missile Turret  
  36  4:41  Factory Reactor  
  36  4:42  Missile Turret  
  36  4:44  Marine  
  36  4:45  Missile Turret  
  37  4:49  Missile Turret  
  37  4:50  SCV  
  37  4:52  Marine x3  
  39  4:57  Supply Depot  
  39  4:59  SCV  
  42  5:02  Marine x2  
  44  5:11  SCV  
  44  5:14  Marine x2  
  44  5:17  Medivac  
  44  5:18  Medivac  
  46  5:25  SCV x2  
  45  5:34  Marine x4  
  48  5:37  SCV  
  48  5:40  SCV  
  49  5:47  Marine  
  49  5:49  SCV, Medivac  
  52  5:52  Marine x2  
  54  5:58  Missile Turret  
  54  6:03  SCV  
  54  6:04  Marine  
  54  6:07  Supply Depot  
  54  6:18  Missile Turret  
  54  6:19  SCV  
  54  6:25  SCV  
  54  6:28  Viking, Marine x3  
  54  6:29  Marauder  
  54  6:31  SCV  
  62  6:38  SCV  
Tags
 
Add a new tag
Caveats
  • Supply blocks, unpowered buildings, or Contaminate may cause inaccurate times.
  • Supply counts are checked every 10 seconds.